 Dungeon Crawl Stone Soup version 0.26-a0-1129-gc5df7fbe6a (webtiles) character file.

Game seed: 18183631936370541623

243 uibert the Changer (level 6, 0/46 HPs)
             Began as a Merfolk Transmuter on Dec 18, 2020.
             Was an Initiate of Okawaru.
             Slain by a gnoll
             ... wielding a +2 spear of freezing
              (1 damage)
             ... on level 4 of the Dungeon.
             The game lasted 00:11:56 (4390 turns).

uibert the Changer (Merfolk Transmuter)             Turns: 4390, Time: 00:11:56

Health: 0/46       AC:  2    Str: 11 (12) XL:     6   Next: 9%
Magic:  6/9        EV: 23    Int: 10 (12) God:    Okawaru [......]
Gold:   148        SH:  0    Dex: 19 (20) Spells: 3/9 levels left

rFire    . . .     SeeInvis .     - Unarmed
rCold    . . .     Faith    .   (shield currently unavailable)
rNeg     . . .     Spirit   .   (armour currently unavailable)
rPois    .         Reflect  .   (helmet currently unavailable)
rElec    .         Harm     .   (cloak currently unavailable)
rCorr    .         Rampage  .   (gloves currently unavailable)
Will     .....                  (boots currently unavailable)
Stlth    ++........             (no amulet)
HPRegen  0.15/turn              q - ring of poison resistance
MPRegen  0.11/turn              (no ring)

@: spider-form (expiring)
A: tiny, (change form in water), (swift swim), (stealthy swim)
a: End Transformation, Renounce Religion


You were on level 4 of the Dungeon.
You worshipped Okawaru.
Okawaru was noncommittal.
You were a venomous arachnid creature.
You visited 1 branch of the dungeon, and saw 4 of its levels.

You collected 148 gold pieces.

Inventory:

Hand Weapons
 k - a +0 short sword
 r - a +3 spear
Missiles
 i - 96 stones
 j - 39 poisoned darts (quivered)
Armour
 a - a +0 robe
 f - a +0 ring mail
 h - a +0 scale mail
 o - a +0 pair of boots (melded)
 s - a +0 robe of fire resistance (melded)
Jewellery
 q - a ring of poison resistance (left front leg)
Wands
 n - a wand of flame (25)
Scrolls
 b - 3 scrolls of teleportation {unknown}
 c - 3 scrolls of remove curse
 d - a scroll of blinking {unknown}
 e - 3 scrolls of amnesia
 g - a scroll of fear {unknown}
 l - a scroll of identify {unknown}
Potions
 m - a potion of curing
 p - a potion of might


   Skills:
 * Level 2.7 Fighting
 - Level 0.1 Short Blades
 * Level 4.1 Dodging
 + Level 0.1 Stealth
 * Level 4.2 Unarmed Combat
 - Level 2.0 Spellcasting
 * Level 5.8 Transmutations


You had 3 spell levels left.
You knew the following spells:

 Your Spells              Type           Power        Failure   Level
a - Beastly Appendage     Tmut           24%          10%         1
b - Wereblood             Tmut           12%          13%         2
c - Spider Form           Tmut/Pois      3%           50%         3

Your spell library contained the following spells:

 Spells                   Type           Power        Failure   Level
 Blade Hands              Tmut           6%           80%         5
 Ice Form                 Ice/Tmut       6%           85%         4


Dungeon Overview and Level Annotations

Branches:
Dungeon (4/15)
 Temple: D:4-7

Altars:
Okawaru
Trog
Uskayaw
Wu Jian


Message History

The gnoll completely misses you. The gnoll misses you.
You bite the gnoll!
The gnoll is severely wounded.
The gnoll completely misses you. The gnoll hits you with a +0 spear.
* * * LOW HITPOINT WARNING * * *
You barely miss the gnoll.
The gnoll is severely wounded.
The gnoll completely misses you. The gnoll closely misses you.
A gnoll comes into view. It is wielding a +0 halberd.
You kill the gnoll!
Okawaru accepts your kill. The gnoll completely misses you.
You feel your strength returning.
Things that are here:
a +0 halberd; a gnoll corpse The gnoll completely misses you.
The gnoll hits you from afar with a +2 spear of freezing.
* * * LOW HITPOINT WARNING * * *
The gnoll freezes you.
You die...

#.####.##
#.#<...#
#.########
########.........
........#########
#######.######
#.##...
######.##g####.#
........s.).g...#
###.##.######.#.#
#. .. #. ... #.
### #. #.


You could see 2 gnolls.

Vanquished Creatures
  Jessica (D:3)
  Terence (D:3)
  2 orc wizards (D:3)
  A worker ant zombie (D:3)
  2 gnolls (D:4)
  3 adders
  3 worms
  3 leopard geckos
  11 orcs (D:3)
  3 ball pythons
  2 giant cockroaches
  4 goblins
  2 hobgoblins (D:3)
  3 jackals (D:3)
  2 quokkas
  6 bats
  3 frilled lizards
  A jackal skeleton (D:4)
  6 kobolds
  6 rats
65 creatures vanquished.

Notes
Turn   | Place    | Note
-------+----------+-------------------------------------------
     0 | D:1      | uibert the Merfolk Transmuter began the quest for the Orb.
     0 | D:1      | Reached XP level 1. HP: 15/15 MP: 3/3
   384 | D:1      | Reached skill level 3 in Transmutations
   636 | D:1      | Reached XP level 2. HP: 19/21 MP: 3/5
   639 | D:1      | Learned a level 2 spell: Wereblood
  1003 | D:1      | Reached skill level 4 in Transmutations
  1181 | D:2      | Reached XP level 3. HP: 13/26 MP: 3/6
  2293 | D:2      | Found an ornate altar of the Wu Jian Council.
  2667 | D:3      | Learned a level 3 spell: Spider Form
  2703 | D:3      | Reached skill level 5 in Transmutations
  2703 | D:3      | Reached XP level 4. HP: 23/32 MP: 4/7
  2886 | D:3      | Reached XP level 5. HP: 36/38 MP: 2/8
  3038 | D:3      | Found a faded altar of an unknown god.
  3475 | D:3      | Noticed Jessica
  3486 | D:3      | Killed Jessica
  3950 | D:3      | Noticed Terence
  3960 | D:3      | Killed Terence
  4056 | D:3      | Found a hide-covered altar of Uskayaw.
  4257 | D:3      | Found an iron altar of Okawaru.
  4258 | D:3      | Found a bloodstained altar of Trog.
  4273 | D:3      | Became a worshipper of Warmaster Okawaru
  4379 | D:4      | Reached XP level 6. HP: 46/46 MP: 5/9
  4386 | D:4      | HP: 1/46 [gnoll/+0 spear (6)]
  4390 | D:4      | Slain by a gnoll

Illustrated notes

Levels and vault maps discovered:
D:1:      eino_arrival_cavern_a, layout_rooms, nrook_loot_triangle
D:2:      layout_basic, nicolae_overflow_crystal_walls,
          kennysheep_cross_bottleneck, minivault_5
D:3:      layout_loops_corners, gammafunk_temple_overflow_pools,
          lemuel_round_altar, chequers_ecumenical_altar_simple, uniq_terence,
          uniq_jessica
D:4:      layout_basic, minmay_shop_enchanted_jewellery,
          chequers_serial_rivers_micro_c, minmay_hollow_rounded_squares,
          uniq_pikel, uniq_blork_the_orc

Skill      XL: |  1  2  3  4  5 |
---------------+----------------+-----
Transmutations | 3 4 5 |  5.8
Dodging        | 3 4 |  4.1
Fighting       | 2 |  2.7
Unarmed Combat | 4 |  4.2
Short Blades   | |  0.1
Stealth        | |  0.1
Spellcasting   | |  2.0

Action                   |  1- 3 |  4- 6 || total
-------------------------+-------+-------++-------
Melee: Unarmed           |    96 |   116 ||   212
       Headbutt          |     7 |     4 ||    11
       Short sword       |    22 |       ||    22
       Punch             |     1 |     2 ||     3
 Cast: Beastly Appendage |    10 |    14 ||    24
       Wereblood         |    12 |     5 ||    17
       Spider Form       |     1 |     4 ||     5
  Use: Potion            |     4 |     3 ||     7
       Scroll            |     3 |       ||     3
 Stab: Sleeping          |     1 |     2 ||     3
Armor: Robe              |    23 |     6 ||    29
Dodge: Dodged            |   105 |    81 ||   186

Table legend: (Time is in decaauts)
 A = Elapsed time spent in this place.
 B = Non-inter-level travel time spent in this place.
 C = Inter-level travel time spent in this place.
 D = Time resting spent in this place.
 E = Time spent auto-exploring this place.
 F = Levels seen in this place.
 G = Mean time per level.
                   A        B        C        D        E       F      G
               +--------+--------+--------+--------+--------+-----+--------+
         Total |   4380 |   4289 |     91 |    961 |   2485 |   4 | 1095.0 |
       Dungeon |   4380 |   4289 |     91 |    961 |   2485 |   4 | 1095.0 |
               +--------+--------+--------+--------+--------+-----+--------+

Top non-repeatable levels by time:
     D:3: 1691 daAuts
     D:2: 1570 daAuts
     D:1: 1085 daAuts
     D:4: 32 daAuts
